 Dungeon Crawl Stone Soup version 0.26-a0-18-g135ff06667 (webtiles) character file.

Game seed: 12679404502290212112, levelgen mode: deterministic

701 DerDa the Chiller (level 7, -4/46 HPs)
             Began as a Demonspawn Ice Elementalist on May 25, 2020.
             Slain by Edmund
             ... wielding a +0 flail of draining
              (9 damage)
             ... on level 4 of the Dungeon.
             The game lasted 00:09:54 (5580 turns).

DerDa the Chiller (Demonspawn Ice Elementalist)     Turns: 5580, Time: 00:09:54

Health: -4/46      AC:  2    Str:  8    XL:     7   Next: 38%
Magic:  8/14       EV: 12    Int: 19    God:
Gold:   212        SH:  0    Dex: 13    Spells: 4/15 levels left

rFire    . . .     SeeInvis .   b - +3 whip (freeze)
rCold    . . .     Gourm    .   (no shield)
rNeg     . . .     Faith    .   a - +0 robe
rPois    .         Spirit   .   (no helmet)
rElec    .         Reflect  .   (no cloak)
rCorr    .         Harm     .   (no gloves)
MR       .....                  (no boots)
Stlth    ++........             (no amulet)
HPRegen  0.15/turn              (no ring)
MPRegen  0.14/turn              (no ring)

@: frozen ramparts, very slightly contaminated, drained
A: hooves 2, nightstalker 1, powered by pain 1
a: no special abilities


You were on level 4 of the Dungeon.
You were not hungry.

You visited 1 branch of the dungeon, and saw 6 of its levels.

You collected 212 gold pieces.

Inventory:

Hand Weapons
 b - a +3 whip of freezing (weapon)
 i - a +1 vorpal mace
Missiles
 k - 32 poisoned darts (quivered)
 n - 8 atropa-tipped darts
Armour
 a - a +0 robe (worn)
 e - a +2 leather armour of positive energy
Jewellery
 m - an uncursed ring of fire
 y - an uncursed ring of protection from magic {unknown}
Wands
 o - a wand of acid (13)
Scrolls
 d - a scroll of amnesia {unknown}
 f - 8 scrolls of identify {unknown}
 g - 4 scrolls of teleportation {unknown}
 h - 2 scrolls of magic mapping {unknown}
 j - a scroll of remove curse {unknown}
 p - a scroll of fear {unknown}
 r - 2 scrolls of immolation {unknown}
 s - 2 scrolls of random uselessness {unknown}
Potions
 l - 2 potions of flight {unknown}
 q - a potion of haste
 t - a potion of mutation {unknown}
 u - a potion of curing {unknown}
 v - a potion of brilliance {unknown}
 x - a potion of magic {unknown}
Comestibles
 c - 8 rations
 w - 4 chunks of flesh


   Skills:
 + Level 2.8(1.7) Dodging
 - Level 1.7(0.7) Stealth
 * Level 4.8(3.7) Spellcasting
 * Level 3.1(2.0) Conjurations
 * Level 5.8(4.6) Ice Magic


You had 4 spell levels left.
You knew the following spells:

 Your Spells              Type           Power        Failure   Level  Hunger
a - Freeze                Ice            ###.         1%          1    None
b - Frozen Ramparts       Ice            ###...       6%          3    ###....
c - Ozocubu's Armour      Chrm/Ice       ##......     16%         3    ###....
d - Hailstorm             Conj/Ice       ###.....     34%         4    ####...

Your spell library contained the following spells:

 Spells                   Type           Power        Failure   Level  Hunger
 Summon Ice Beast         Ice/Summ       ##......     47%         4    ####...


Dungeon Overview and Level Annotations

Branches:
Dungeon (6/15)
 Temple: D:4-7

Altars:
Ashenzari
Dithmenos
Nemelex Xobeh
Xom

Shops:
D:6 (

Annotations:
D:4 Edmund


Innate Abilities, Weirdness & Mutations

You have hoof-like feet.
You are slightly more attuned to the shadows.
You sometimes gain a little power by taking damage.


Message History

You hit Edmund. You freeze Edmund.
Edmund is heavily wounded.
The wall freezes Edmund.
Edmund barely misses you.
You closely miss Edmund. Your kick misses Edmund.
Edmund is heavily wounded.
The wall freezes Edmund.
Edmund closely misses you.
Casting: Ozocubu's Armour (dangerous; 13% risk of failure)
Confirm with . or Enter, or press ? or * to list all spells.
Aiming: Freeze (safe; 1% risk of failure)
Press: ? - help, Shift-Dir - straight line, f - Edmund
Aim: Edmund, wielding a +0 flail of draining and wearing a +0 chain mail (heavily wounded, berserk)
You freeze Edmund!
Edmund is severely wounded.
The wall freezes Edmund.
Edmund hits you with a +0 flail of draining!
You feel drained.
The wall freezes Edmund.
Edmund hits you with a +0 flail of draining!!
* * * LOW HITPOINT WARNING * * *
You feel drained.
You die...

#.. ####.#
......##
.......###
.........##
.......#..##
.....(>##..###
.......####..##
.......#
##.@###
.......#
##.@!##
......##
###..## .....#
##..# .....
##....# #..##
#.# ..# .#


You could see Edmund (berserk).

Vanquished Creatures
  Sigmund (D:3)
  A centaur (D:5)
  A howler monkey (D:6)
  A jelly (D:5)
  An orc priest (D:5)
  An iguana (D:6)
  2 orc wizards
  3 worker ants
  A worker ant zombie (D:5)
  8 adders
  A shadow imp (D:5)
  An ooze (D:1)
  3 worms
  A dart slug (D:2)
  3 leopard geckos
  13 orcs
  3 ball pythons
  5 bats
  3 giant cockroaches
  5 goblins
  4 hobgoblins (D:2)
  7 jackals
  4 quokkas
  3 frilled lizards
  A jackal skeleton (D:2)
  8 kobolds
  8 rats
93 creatures vanquished.

Notes
Turn   | Place    | Note
-------+----------+-------------------------------------------
     0 | D:1      | DerDa the Demonspawn Ice Elementalist began the quest for
                  | the Orb.
     0 | D:1      | Reached XP level 1. HP: 13/13 MP: 3/3
   335 | D:1      | Gained mutation: You sometimes gain a little power by
                  | taking damage. [demonic ancestry]
   335 | D:1      | Reached XP level 2. HP: 19/19 MP: 1/5
   703 | D:1      | Reached skill level 4 in Ice Magic
   968 | D:2      | Found a shimmering altar of Xom.
   970 | D:2      | Found a shimmering altar of Xom.
   970 | D:2      | Found a shimmering altar of Xom.
   975 | D:2      | Found a shimmering altar of Xom.
   977 | D:2      | Found a shimmering altar of Xom.
   977 | D:2      | Found a shimmering altar of Xom.
  1126 | D:2      | Gained mutation: You have large cloven feet. [demonic
                  | ancestry]
  1126 | D:2      | Reached XP level 3. HP: 16/24 MP: 0/7
  1769 | D:2      | Found a sparkling altar of Nemelex Xobeh.
  1817 | D:2      | Found a transporter.
  1830 | D:2      | Found a transporter.
  2096 | D:2      | Found a shattered altar of Ashenzari.
  2103 | D:2      | Reached XP level 4. HP: 28/30 MP: 6/8
  3252 | D:3      | Learned a level 3 spell: Frozen Ramparts
  3256 | D:3      | Learned a level 3 spell: Ozocubu's Armour
  3570 | D:3      | Reached XP level 5. HP: 33/35 MP: 5/10
  3579 | D:3      | Learned a level 4 spell: Hailstorm
  3653 | D:3      | Noticed Sigmund
  3669 | D:3      | Killed Sigmund
  3669 | D:3      | Reached skill level 1 in Conjurations
  3669 | D:3      | Reached skill level 5 in Ice Magic
  3669 | D:3      | Gained mutation: You are slightly more attuned to the
                  | shadows. [demonic ancestry]
  3669 | D:3      | Reached XP level 6. HP: 41/41 MP: 5/12
  3776 | D:3      | Found a shadowy altar of Dithmenos.
  3815 | D:3      | You fall into a shaft and drop 3 floors!
  4368 | D:6      | Found Waduty's Antique Weapon Boutique.
  4407 | D:5      | Entered Level 5 of the Dungeon
  4591 | D:5      | Gained mutation: You have hoof-like feet. [demonic
                  | ancestry]
  4591 | D:5      | Reached XP level 7. HP: 20/46 MP: 4/13
  5503 | D:4      | Found a shadowy altar of Dithmenos.
  5569 | D:4      | Noticed Edmund
  5580 | D:4      | Slain by Edmund

Illustrated notes

Levels and vault maps discovered:
D:1:      lightli_molten_gateway, layout_loops_ring, minmay_tromino_v2
D:2:      layout_basic, ashenzari_conservatory_becter,
          gammafunk_temple_overflow_arena, first_ration, xom_redecorated
D:3:      layout_basic, serial_glass, glass_columns_a, glass_columns_b,
          grunt_dithmenos_smoke, uniq_sigmund
D:4:      layout_cave_pods, bloody_trog, nicolae_overflow_hidden_temple,
          minmay_temple_entry_statues_pillars, gammafunk_ghost_nasty_kobolds,
          roderic_roman_lattice, elyvilon_altar_4, uniq_edmund, uniq_robin,
          uniq_menkaure
D:5:      minmay_razor_zed, layout_basic, yredelemnul_forgotten_temple_becter
D:6:      layout_gridville, serial_glass, glass_columns_a, glass_columns_a,
          serial_shops, nicolae_shop_statue_plus

Skill      XL: |  1  2  3  4  5  6  7 |
---------------+----------------------+-----
Ice Magic      | 4 5 |  5.8
Spellcasting   | 3 4 |  4.8
Dodging        | 2 |  2.8
Conjurations   | 1 2 3 |  3.1
Stealth        | |  1.7

Action                   |  1- 3 |  4- 6 |  7- 9 || total
-------------------------+-------+-------+-------++-------
Melee: Unarmed           |     6 |       |       ||     6
       Short sword       |    15 |       |       ||    15
       Kick              |     3 |     5 |     4 ||    12
       Whip              |     1 |    29 |    26 ||    56
Throw: Dart              |       |     7 |       ||     7
 Cast: Freeze            |    64 |    75 |     7 ||   146
       Frozen Ramparts   |       |     4 |     2 ||     6
 Stab: Sleeping          |       |     1 |     1 ||     2
  Eat: Chunk             |     4 |     6 |     5 ||    15
Armor: Robe              |    12 |    13 |     3 ||    28
Dodge: Dodged            |    47 |    53 |    25 ||   125

Table legend:
 A = Non-vault XP
 B = Vault XP
 C = Vault XP percentage of total XP
 D = Non-vault monster count
 E = Vault monster count
 F = Vault count percentage of total count
                 A         B        C        D         E       F
            +---------+---------+-------+---------+---------+-------
      Total |     706 |     296 |  29.5 |      83 |      10 |  10.8
            +---------+---------+-------+---------+---------+-------
        D:1 |      29 |       2 |   6.5 |      15 |       2 |  11.8
        D:2 |      93 |       3 |   3.1 |      27 |       2 |   6.9
        D:3 |      80 |     231 |  74.3 |      21 |       1 |   4.5
        D:5 |     310 |      60 |  16.2 |      10 |       5 |  33.3
        D:6 |     194 |       0 |   0.0 |      10 |       0 |   0.0
            +---------+---------+-------+---------+---------+-------
